 Dungeon Crawl Stone Soup version 0.21.0-3-g78d12a8bdd (console) character file.

81 Kloppie the Cudgeler (level 4, 0/42 HPs)
             Began as a Minotaur Berserker on Jan 11, 2018.
             Was a Believer of Trog.
             Slain by Fv001's ghost (9 damage)
             ... on level 3 of the Dungeon.
             The game lasted 00:02:11 (1885 turns).

Kloppie the Cudgeler (Minotaur Berserker)           Turns: 1885, Time: 00:02:11

Health: 0/42       AC:  6    Str: 23    XL:     4   Next: 19%
Magic:  3/3        EV: 10    Int:  4    God:    Trog [**....]
Gold:   77         SH:  0    Dex:  9    Spells: 3/3 levels left

rFire    . . .     SeeInvis .   a - +0 mace
rCold    . . .     Gourm    .   (no shield)
rNeg     . . .     Faith    .   e - +0 scale mail
rPois    .         Spirit   .   (helmet restricted)
rElec    .         Reflect  .   (no cloak)
rCorr    .         Harm     .   (no gloves)
MR       ++...                  (no boots)
Stlth    ..........             (no amulet)
HPRegen  1.14/turn              (no ring)
MPRegen  0.08/turn              (no ring)

@: berserk cooldown, starving, regenerating, slowed, very slow
A: retaliatory headbutt, horns 2
a: Berserk, Trog's Hand, Burn Spellbooks, Renounce Religion


You were on level 3 of the Dungeon.
You worshipped Trog.
Trog was pleased with you.
You were starving.

You visited 1 branch of the dungeon, and saw 3 of its levels.

You collected 77 gold pieces.

Inventory:

Hand Weapons
 a - a +0 mace (weapon)
Armour
 e - a +0 scale mail (worn)
 n - a +0 shield
Jewellery
 m - an uncursed ring of protection from magic {unknown}
Scrolls
 b - a scroll of fear {unknown}
 d - a scroll of immolation {unknown}
 f - a scroll of magic mapping {unknown}
 g - 2 scrolls of enchant armour {unknown}
 h - a scroll of remove curse {unknown}
 l - 4 scrolls of identify {unknown}
 p - a scroll of blinking {unknown}
Potions
 i - a potion of cancellation {unknown}
 j - a potion of haste {unknown}
 k - a potion of invisibility {unknown}
 o - 2 potions of lignification {unknown}
Comestibles
 c - 8 rations


   Skills:
 + Level 5.0 Fighting
 + Level 5.0 Maces & Flails
 - Level 2.4 Armour
 - Level 2.1 Dodging


You had 3 spell levels left.
You didn't know any spells.

Dungeon Overview and Level Annotations

Branches:
Dungeon (3/15)

Altars:
Hepliaklqana
Trog
The Shining One

Annotations:
D:3 Fv001's ghost, amateur FoFi


Innate Abilities, Weirdness & Mutations

You reflexively headbutt those who attack you in melee.
You have a pair of horns on your head.


Message History

Fv001's ghost is almost destroyed.
You are no longer berserk.
You are exhausted.
You feel yourself slow down. Fv001's ghost hits you.
* * * LOW HITPOINT WARNING * * *
You hit Fv001's ghost but do no damage.
Fv001's ghost is almost destroyed.
Fv001's ghost hits you.
* * * LOW HITPOINT WARNING * * *
Fv001's ghost hits you!
* * * LOW HITPOINT WARNING * * *
You closely miss Fv001's ghost. Your headbutt misses Fv001's ghost.
Fv001's ghost is almost destroyed.
Fv001's ghost hits you but does no damage.
Fv001's ghost whispers, "The ORB doesn't exist."
Fv001's ghost misses you. You furiously retaliate!
You headbutt Fv001's ghost, but do no damage.
You feel the effects of Trog's Hand fading.
Fv001's ghost hits you!
You die...

# ...
.############
#.##########
>.........W.#
#...........
###########@#
#.....)#### #.#
#....[.#...
#.######......#.##
#.............#...
#.............####
#.............'...
#.#####.......####
#.# #.# #.......#
#. #.# #.#
#.####### #.


You could see Fv001's ghost.

Vanquished Creatures
  2 adders (D:2)
  An ooze (D:2)
  A worm (D:2)
  A dart slug (D:1)
  A leopard gecko (D:1)
  2 giant cockroaches
  7 goblins
  3 hobgoblins
  4 jackals (D:2)
  10 kobolds
  2 ball pythons
  8 bats
  3 frilled lizards
  7 rats
52 creatures vanquished.

Notes
Turn   | Place    | Note
-------+----------+-------------------------------------------
     0 | D:1      | Kloppie the Minotaur Berserker began the quest for the Orb.
     0 | D:1      | Reached XP level 1. HP: 19/19 MP: 0/0
   201 | D:1      | Reached XP level 2. HP: 24/27 MP: 1/1
   747 | D:2      | Reached ** piety under Trog
   747 | D:2      | Reached XP level 3. HP: 34/34 MP: 2/2
   969 | D:2      | Reached XP level 4. HP: 31/41 MP: 3/3
  1231 | D:2      | Found a bloodstained altar of Trog.
  1231 | D:2      | Found a glowing golden altar of the Shining One.
  1232 | D:2      | Found a hazy altar of Hepliaklqana.
  1345 | D:2      | Reached skill level 5 in Maces & Flails
  1378 | D:2      | Reached skill level 5 in Fighting
  1860 | D:3      | Noticed Fv001's ghost (amateur FoFi)
  1885 | D:3      | Slain by Fv001's ghost

Skill      XL: |  1  2  3  4 |
---------------+-------------+-----
Fighting       | 4 5 |  5.0
Maces & Flails | 4 5 |  5.0
Armour         | |  2.4
Dodging        | |  2.1

Action                   |  1- 3 |  4- 6 || total
-------------------------+-------+-------++-------
Melee: Mace              |    93 |    40 ||   133
       Headbutt          |    14 |     4 ||    18
Invok: Berserk           |       |     1 ||     1
       Trog's Hand       |       |     1 ||     1
  Eat: Chunk             |       |     2 ||     2
Armor: Scale mail        |    54 |    19 ||    73
Dodge: Dodged            |    43 |    28 ||    71
